AoeStats
← Nuttergirl96

Nomad

509453213Analyzed
3v3 RM · 7d ago on Sep 26, 2026· 65m 31s· 6 players
Game mode
Random Map
Map size
210×210
Population
200
Speed
Normal
Resources
Standard
Victory
Conquest
Starting age
Dark Age
Ending age
Imperial Age
RankedLock teamsTeams togetherTeam positionsShared explorationLock speedFull tech treeHidden civsTurbo modeCheats
Victory
Defeat
🇷🇴 Slavs · Romania
965
+12
🇷🇴 Jurchens · Romania
935
+14
🇷🇴 Bulgarians · Romania
903
+15
🇬🇧 Maya · United Kingdom
904
-15
🇳🇱 Teutons · Netherlands
878
-13
🇩🇪 Chinese · Germany
872
-13
kuro3bb
4:49 Loom
15:57 Feudal Age
16:26 Double-Bit Axe
17:22 Wheelbarrow
16:45 Gold Mining
19:19 Fletching
25:57 Castle Age
24:43 Horse Collar
25:12 Padded Archer Armor
25:55 Stone Mining
26:58 Bow Saw
26:50 Heavy Plow
26:15 Crossbowman
28:49 Thumb Ring
31:20 Bodkin Arrow
31:41 Leather Archer Armor
36:25 Stone Shaft Mining
36:38 Ballistics
38:33 Hand Cart
43:39 Imperial Age
45:11 Elite Plumed Archer
47:21 Forging
48:32 Bracer
48:05 Eagle Warrior
50:42 Iron Casting
50:44 Elite Eagle Warrior
58:45 Pikeman
59:26 Squires
60:00 Halberdier
Nuttergirl96
5:52 Loom
14:31 Feudal Age
15:16 Double-Bit Axe
20:43 Castle Age
18:54 Gold Mining
19:12 Stone Mining
20:53 Horse Collar
21:45 Forging
22:29 Bloodlines
22:47 Scale Barding Armor
26:37 Heavy Plow
29:44 Wheelbarrow
29:21 Bow Saw
32:39 Hand Cart
32:49 Chain Barding Armor
41:25 Imperial Age
39:38 Iron Casting
41:22 Town Watch
41:44 Scale Mail Armor
41:36 Cavalier
44:16 Elite Teutonic Knight
45:39 Paladin
47:02 Pikeman
47:48 Squires
47:55 Halberdier
49:19 Chain Mail Armor
49:16 Town Patrol
51:09 Blast Furnace
50:39 Plate Mail Armor
57:00 Plate Barding Armor
scanya
4:49 Loom
14:06 Feudal Age
15:28 Wheelbarrow
14:41 Double-Bit Axe
14:55 Horse Collar
16:54 Man-at-Arms
20:20 Arson
22:18 Forging
22:08 Scale Mail Armor
22:13 Scale Barding Armor
23:42 Gold Mining
29:00 Castle Age
27:33 Stone Mining
29:59 Hand Cart
31:05 Fletching
34:16 Bow Saw
33:31 Long Swordsman
34:41 Scale Barding Armor
34:59 Heavy Plow
37:00 Squires
36:59 Pikeman
47:28 Gold Shaft Mining
50:33 Husbandry
52:05 Bodkin Arrow
52:46 Iron Casting
52:26 Chain Mail Armor
53:12 Bloodlines
Bober
4:38 Loom
16:12 Feudal Age
18:10 Horse Collar
19:37 Gold Mining
19:39 Double-Bit Axe
22:30 Castle Age
23:08 Bloodlines
23:25 Fletching
28:08 Wheelbarrow
28:58 Bow Saw
28:43 Stone Mining
28:19 Pikeman
40:38 Hand Cart
40:09 Town Watch
40:34 Fishing Lines
41:25 Town Patrol
42:15 Gillnets
44:59 Forging
44:50 Scale Mail Armor
44:56 Scale Barding Armor
47:01 Iron Casting
46:42 Chain Mail Armor
46:48 Chain Barding Armor
46:29 Padded Archer Armor
47:24 Arson
47:47 Bodkin Arrow
47:58 Thumb Ring
48:17 Medium Warships
49:03 Gold Shaft Mining
49:33 Leather Archer Armor
53:34 Imperial Age
51:53 Stone Shaft Mining
52:28 Ballistics
52:42 Stirrups
53:27 Gambesons
53:43 Squires
54:47 Conscription
54:44 Bagains
55:29 Parthian Tactics
55:36 Bracer
56:47 Chemistry
57:29 Blast Furnace
57:05 Plate Barding Armor
57:00 Plate Mail Armor
56:27 Halberdier
56:36 Elite Konnik
59:27 Siege Engineers
59:45 Heavy Cavalry Archer
Groparu
5:26 Loom
14:03 Feudal Age
16:24 Fishing Lines
16:57 Double-Bit Axe
20:55 Castle Age
19:33 Double-Bit Axe
19:36 Horse Collar
24:36 Gillnets
25:11 Forging
25:07 Scale Barding Armor
25:42 Bloodlines
25:35 Husbandry
25:45 Heavy Plow
26:31 Wheelbarrow
27:35 Chain Barding Armor
27:50 Iron Casting
30:39 Siege Engineers
31:20 Ballistics
32:20 Pikeman
33:57 Hand Cart
33:41 Fletching
33:53 Scale Mail Armor
33:59 Squires
33:51 Gambesons
34:30 Ballistics
34:20 Fortified Bastions
35:17 Chain Mail Armor
43:48 Imperial Age
44:43 Thunderclap Bombs
44:56 Conscription
45:05 Conscription
45:47 Blast Furnace
45:23 Plate Barding Armor
44:43 Heavy Rocket Cart
46:12 Bodkin Arrow
47:56 Bracer
50:11 Murder Holes
51:17 Chemistry
50:28 Masonry
51:45 Elite Iron Pagoda
52:31 Halberdier
53:46 Elite Iron Pagoda
56:19 Crop Rotation
56:04 Bow Saw
60:57 Man-at-Arms
63:31 Padded Archer Armor
66:11 Architecture
andreiy
13:54 Feudal Age
16:48 Town Watch
19:07 Castle Age
17:01 Double-Bit Axe
17:47 Stone Mining
19:42 Wheelbarrow
21:02 Bow Saw
23:32 Horse Collar
26:32 Loom
28:08 Heavy Plow
28:36 Gold Mining
28:40 Pikeman
30:18 Forging
30:54 Hand Cart
32:49 Bloodlines
32:39 Husbandry
32:48 Scale Barding Armor
33:19 Iron Casting
35:56 Imperial Age
35:34 Chain Barding Armor
35:15 Scale Mail Armor
36:33 Town Patrol
35:58 Cavalier
37:12 Conscription
37:02 Elite Boyar
40:16 Blast Furnace
39:52 Plate Barding Armor
41:31 Gold Shaft Mining
41:27 Fletching
41:38 Padded Archer Armor
42:01 Ballistics
42:42 Chemistry
41:48 Siege Engineers
41:44 Elite Skirmisher
42:26 Bodkin Arrow
42:49 Leather Archer Armor
45:23 Ring Archer Armor
45:26 Elite Boyar
46:14 Detinets
62:33 Man-at-Arms
63:14 Squires
Connection lost

Rejoining the realm…

Still unreachable

The connection could not be restored.

Session expired

The server has moved on; the page needs a fresh start.